 Dungeon Crawl Stone Soup version 0.29.1-12-g30fa7ad0bf (webtiles) character file.

Game seed: 3934940000178917391

1230 KittyFluff the Cudgeller (level 8, -4/50 HPs)
             Began as a Gargoyle Berserker on Dec 27, 2022.
             Was a Believer of Trog.
             Slain by SirLogeyBear's ghost (5 damage)
             ... on level 5 of the Dungeon.
             The game lasted 00:21:15 (5778 turns).

KittyFluff the Cudgeller (Gargoyle Berserker)       Turns: 5778, Time: 00:21:15

Health: -4/50      AC: 13    Str: 23    XL:     8   Next: 48%
Magic:  8/8        EV: 12    Int:  8    God:    Trog [**....]
Gold:   129        SH:  0    Dex:  9    Spells: 7/7 levels left

rFire   + . .      SeeInvis .   a - +0 mace
rCold   + + .      Faith    .   (no shield)
rNeg    + . .      Spirit   .   w - +2 robe {rC+}
rPois   ∞          Reflect  .   y - +0 helmet
rElec   +          Harm     .   t - +0 cloak
rCorr   +          Rampage  .   (no gloves)
Will    .....                   r - +0 pair of boots
Stlth   ++........              (no amulet)
HPRegen 0.16/turn               k - ring of resist corrosion
MPRegen 0.11/turn               (no ring)

@: resistant, weak-willed, on berserk cooldown, slowed, invisible, very slow
A: sickness immunity, AC +5, negative energy resistance 1, electricity
resistance, torment resistance 1, petrification resistance
a: Renounce Religion, Berserk, Trog's Hand


You were on level 5 of the Dungeon.
You worshipped Trog.
Trog was pleased with you.
You visited 1 branch of the dungeon, and saw 5 of its levels.

You collected 220 gold pieces.
You spent 91 gold pieces at shops.

Inventory:

Hand Weapons
 a - a +0 mace (weapon)
 u - a +2 spectral quarterstaff
Missiles
 d - 7 stones (quivered)
 A - 3 boomerangs
Armour
 b - a +0 animal skin
 l - a +0 ring mail
 p - a +0 leather armour
 r - a +0 pair of boots (worn)
 t - a +0 cloak (worn)
 w - a +2 robe of cold resistance (worn)
 y - a +0 helmet (worn)
 z - the +0 robe of Privacy {rC+ Str+2}
   (You found it on level 5 of the Dungeon)

   Str:       It affects your strength (+2).
   rC:        It protects you from cold.
Jewellery
 k - a ring of resist corrosion (left hand)
 v - a ring of fire
Scrolls
 g - 2 scrolls of enchant weapon {unknown}
 m - a scroll of fog {unknown}
 n - 4 scrolls of teleportation
 q - a scroll of immolation {unknown}
 s - a scroll of enchant armour {unknown}
 x - a scroll of noise {unknown}
Potions
 c - 2 potions of flight
 h - 2 potions of degeneration
 i - a potion of brilliance
 j - 2 potions of resistance
 B - a potion of might


   Skills:
 + Level 5.4 Fighting
 + Level 6.6 Maces & Flails
 + Level 1.7 Throwing
 * Level 5.2 Armour
 + Level 3.7 Dodging
 + Level 2.4 Stealth


You had 7 spell levels left.
You didn't know any spells.
Your spell library was empty.

Dungeon Overview and Level Annotations

Branches:
Dungeon (5/15)
 Temple: D:4-7

Altars:
Ashenzari
Fedhas
Qazlal
Trog

Shops:
D:5 *

Annotations:
D:5 1 transporter, SirLogeyBear's ghost, novice HOBe


Innate Abilities, Weirdness & Mutations

You are immune to sickness and miasma.
Your stone body is resilient. (AC +5)
You are immune to poison.
You resist negative energy. (rN+)
You are resistant to electric shocks. (rElec)
You are resistant to unholy torment.
You are immune to petrification.


Message History

Your skin stops crawling.
You feel less strong-willed. The killer bee closely misses you.
The killer bee stings you but does no damage.
The killer bee closely misses you. x2
SirLogeyBear's ghost hits you but does no damage.
The killer bee stings you but does no damage.
The killer bee barely misses you. SirLogeyBear's ghost hits you!
You hit SirLogeyBear's ghost.
SirLogeyBear's ghost is heavily damaged.
The killer bee stings you. The killer bee barely misses you.
The killer bee stings you but does no damage.
The killer bee stings you! SirLogeyBear's ghost hits you.
The killer bee barely misses you.
The killer bee stings you but does no damage.
You hit SirLogeyBear's ghost.
SirLogeyBear's ghost is heavily damaged.
The killer bee stings you but does no damage.
The killer bee stings you!
* * * LOW HITPOINT WARNING * * *
The killer bee barely misses you. The killer bee stings you.
* * * LOW HITPOINT WARNING * * *
SirLogeyBear's ghost screams, "Don't try to defend!
You have no chance!"
SirLogeyBear's ghost hits you.
* * * LOW HITPOINT WARNING * * *
The killer bee stings you but does no damage. x2
SirLogeyBear's ghost barely misses you.
The killer bee stings you but does no damage. x2
You fade into invisibility!
The killer bee stings you but does no damage.
The killer bee closely misses you. The killer bee misses you.
The killer bee barely misses you.
SirLogeyBear's ghost hits you but does no damage.
The killer bee misses you. The killer bee barely misses you.
SirLogeyBear's ghost completely misses you.
You hit SirLogeyBear's ghost but do no damage.
SirLogeyBear's ghost is heavily damaged.
The killer bee misses you.
The killer bee stings you but does no damage.
The killer bee closely misses you. SirLogeyBear's ghost hits you.
You die...

#...#####.!©[$#####..##.#
#..###...#!..#...###.##.#
#..##y.#..###!.#..##.##.#
#..###..y#.y.#.#.###.##.##
#...#####..# ### #.......
##.###...#.y.#.#.###.##.##
#.##..#..###..#..##......
#.###.!y#y..#...###..###.
#..#####@Wy..#####...# #.
##..#############..#)# #.
##.......©.......##.# #.
########.........).# #.
############# ##


You could see 3 killer bees and SirLogeyBear's ghost (unable to see you,
weak-willed).

Vanquished Creatures
  The ghost of Jingleheimer the Cudgeller, an amateur DsFi (D:3)
  Grinder (D:3)
  An ice beast (D:5)
  A black bear (D:4)
  An ogre (D:5)
  Blork the orc (D:4)
  A scorpion (D:5)
  A killer bee (D:5)
  A howler monkey (D:4)
  A jelly (D:4)
  An orc priest (D:5)
  A gnoll bouda (D:5)
  A hound (D:5)
  An iguana (D:4)
  An orc wizard (D:5)
  5 gnolls (D:5)
  7 adders
  2 white imps
  A worm (D:5)
  9 orcs
  2 bats (D:1)
  3 endoplasms
  3 giant cockroaches
  3 goblins
  9 hobgoblins
  2 jackals (D:4)
  6 kobolds
  4 quokkas
  4 ball pythons
  3 frilled lizards
  4 rats
82 creatures vanquished.

Notes
Turn   | Place    | Note
-------+----------+-------------------------------------------
     0 | D:1      | KittyFluff the Gargoyle Berserker began the quest for the
                  | Orb.
     0 | D:1      | Reached XP level 1. HP: 14/14 MP: 1/1
   507 | D:1      | Reached XP level 2. HP: 15/19 MP: 2/2
  1056 | D:2      | Reached XP level 3. HP: 19/23 MP: 3/3
  1120 | D:2      | Found a broken altar of Ashenzari.
  1748 | D:3      | Found a runed translucent door.
  1758 | D:3      | Noticed Jingleheimer's ghost (amateur DsFi)
  1837 | D:3      | Found a stormy altar of Qazlal.
  1840 | D:3      | Found a blossoming altar of Fedhas.
  1902 | D:3      | Noticed Grinder
  1904 | D:3      | Paralysed by Grinder for 2 turns
  1909 | D:3      | Killed Grinder
  1910 | D:3      | Reached skill level 4 in Maces & Flails
  1910 | D:3      | Reached skill level 1 in Throwing
  1910 | D:3      | Reached skill level 1 in Stealth
  1910 | D:3      | Reached XP level 4. HP: 23/29 MP: 4/4
  1910 | D:3      | Reached XP level 5. HP: 27/33 MP: 5/5
  1910 | D:3      | Reached XP level 6. HP: 31/38 MP: 6/6
  2438 | D:3      | Reached ** piety under Trog
  2671 | D:3      | Killed Jingleheimer's ghost
  2672 | D:3      | Reached skill level 5 in Maces & Flails
  2672 | D:3      | Reached XP level 7. HP: 32/44 MP: 7/7
  2930 | D:4      | Noticed Blork the orc
  2946 | D:4      | Killed Blork the orc
  3824 | D:4      | Found a bloodstained altar of Trog.
  3962 | D:5      | Entered Level 5 of the Dungeon
  4005 | D:5      | Identified the +0 robe of Privacy {rC+ Str+2}
  4103 | D:5      | Reached skill level 6 in Maces & Flails
  4535 | D:5      | Reached skill level 5 in Fighting
  4535 | D:5      | Reached XP level 8. HP: 36/49 MP: 8/8
  4738 | D:5      | Found a transporter.
  4738 | D:5      | Found a transporter.
  4738 | D:5      | Noticed SirLogeyBear's ghost (novice HOBe)
  5223 | D:5      | Found Attiddou's General Store.
  5232 | D:5      | Bought a scroll of teleportation for 39 gold pieces
  5232 | D:5      | Bought a potion of might for 52 gold pieces
  5329 | D:5      | Reached skill level 5 in Armour
  5776 | D:5      | HP: 1/50 [SirLogeyBear's ghost (6)]
  5778 | D:5      | Slain by SirLogeyBear's ghost

Illustrated notes

Levels and vault maps discovered:
D:1:      lightli_arrival_lavapool, layout_rooms, amcnicky_mini_pool_small
D:2:      layout_basic, basic_altar
D:3:      layout_loops_corners, grunt_temple_overflow_forces_of_nature,
          ebering_ghost_sewer_d, uniq_grinder
D:4:      layout_basic, mainiacjoe_overflow_surrounded_room, uniq_robin,
          uniq_blork_the_orc
D:5:      layout_loops_ring, serial_shops, shop, gammafunk_ghost_hive,
          nicolae_titane

Skill      XL: |  1  2  3  4  5  6  7  8 |
---------------+-------------------------+-----
Fighting       | 4 5 |  5.4
Maces & Flails | 4 5 6 |  6.6
Throwing       | 1 |  1.7
Armour         | 3 4 5 |  5.2
Dodging        | 2 3 |  3.7
Stealth        | 1 2 |  2.4

Action                   |  1- 3 |  4- 6 |  7- 9 || total
-------------------------+-------+-------+-------++-------
Melee: Mace              |    78 |    85 |   257 ||   420
       Punch             |       |       |     1 ||     1
Throw: Stone             |    19 |       |    27 ||    46
Invok: Berserk           |     1 |     1 |     4 ||     6
       Trog's Hand       |       |       |     1 ||     1
  Use: Scroll            |     3 |     2 |     1 ||     6
       Potion            |       |       |     5 ||     5
Armor: Animal skin       |    28 |       |       ||    28
       Leather armour    |       |    37 |     9 ||    46
       Robe              |       |       |   189 ||   189
Dodge: Dodged            |    47 |    48 |   231 ||   326
